Unix NetHack Version 5.0.0-0 post-release - last build Jul 14 2026 02:55:29 (1809b74e8187c3a3585e283601c3028b46cbbdcb,branch:main).

Game began 2026-07-16 01:01:34, ended 2026-07-16 06:33:39.

Brudee, chaotic female human Rogue

      ----------------------------------------  ......       ----------   ----
      |.............|..%.......|.............|...   ---------|.....|..-----..|
  ----|.....---.....--.---....--...--------..|     --........--....|.........|
  |...|---....|---.......|----- ......|...|--|    --....}}....--...|..--.--..|
  |...|..|....|..........|............|..-|..------.....}}.....--..|--|...|--|
  |...|.......|..........|...---....---...|.....|-...}}}}}}}}...--.|..|...|..|
  |.--|.---.--|.---.-|-..|---| |....|.....|....--....}}}}}}}}....--|..|.---..|
  ||-.---.---.--|.---.---|...| |-----------...--........}}.}}.....-|..---....|
  |.............|........|...| |..............|......}}}}}}}}......|...|.....|
  |...<....(...--........|...| |..............--.....}}.}}........-----------|
  |........=..--....------------...............--....}}}}}}}}....--..........|
  |-----.../.--.....|.................l.........--...}}}}}}}}...--....|.....--
  |....|.....-.....@@N.l.........................--.....}}.....--..--.------|
  |.........---------N.....l.......*.......l......--....}}....--...|...|....|
  |--|---...|..%.|.................................--........--....|........|
  |.....-----....--...NN....l.....l...............!.--..--..--.....|--------|
  |..........%....|................../.........l.....|..|...|...----........--
  |.---......---..--.................................-----------|.......|....|
  |...|---...|.....|......................l................|....---------....|
  |...|  ----|.....|....................:..................|.................|
  -----      -------.....................l.................-------------------
Brudee the Robber       St:18/05 Dx:16 Co:18 In:15 Wi:16 Ch:9  Chaotic S:128433
Home 6 $:0  HP:0(129) Pw:72(72) AC:5  Xp:16/334818 T:18581  Satiated Burdened

Latest messages:
 "Please don't force me to kill you."
 The guardian naga bites!
 You avoid harm.
 The guardian naga touches you!
 The guardian naga brushes against you.
 What do you want to zap? [sEMOY or ?*] ?
 In what direction? h
 The bolt of lightning misses the Master Assassin.
 The guardian naga bites!
 You are frozen by the guardian naga!
 The guardian naga touches you!
 The guardian naga brushes against you.
 The guardian naga spits venom!
 The splash of venom misses the guardian naga.
 The guardian naga bites!
 You are being crushed.
 The Master Assassin hits!
 The Master Assassin hits again!
 The Master Assassin hits!
 The guardian naga bites!
 The guardian naga touches you!
 The guardian naga brushes against you.
 The guardian naga bites!
 You are being crushed.
 The Master Assassin hits!
 The Master Assassin hits again!
 The Master Assassin hits!
 The guardian naga bites!
 You are being crushed.
 The guardian naga bites!
 The guardian naga touches you!
 The guardian naga brushes against you.
 The guardian naga bites!
 You are being crushed.
 The Master Assassin hits!
 The Master Assassin hits again!
 The Master Assassin hits!
 The guardian naga bites!
 The guardian naga touches you!
 The guardian naga brushes against you.
 The guardian naga spits venom!
 The splash of venom hits the guardian naga.
 The guardian naga is blinded by the venom.
 The guardian naga bites!
 You are being crushed.
 The Master Assassin hits!
 The Master Assassin hits again!
 You die...
 Do you want your possessions identified? [ynq] (y) y
 Do you want to see your attributes? [ynq] (y) q

Inventory:
 Weapons  (')')
  b - 5 +2 daggers
  d - 6 +0 daggers
  f - a +0 knife
  P - the blessed rustproof +7 Fire Brand (weapon in right hand)
  Q - a blessed +3 long sword (alternate weapon; not wielded)
 Armor    ('[')
  W - an uncursed +0 elven leather helm (being worn)
  g - an uncursed +0 pair of leather gloves
  v - an uncursed +0 pair of water walking boots
  Z - a blessed +0 shield of drain resistance
  y - a blessed greased fireproof +2 cloak of magic resistance
  o - an uncursed +0 robe
  j - a blessed greased rotproof +2 orange dragon scale mail
 Comestibles  ('%')
  r - 4 uncursed apples
  w - an uncursed tin of soup made from guardian naga meat
  L - an uncursed lizard corpse
 Scrolls  ('?')
  p - 3 blessed scrolls of identify
  A - 4 uncursed scrolls of teleportation
 Potions  ('!')
  U - an uncursed potion of extra healing
  K - an uncursed potion of sleeping
 Rings    ('=')
  l - an uncursed -1 ring of gain constitution
  a - an uncursed -1 ring of gain strength
  z - a blessed +1 ring of increase accuracy
  x - an uncursed ring of polymorph control (on right hand)
  h - an uncursed ring of slow digestion
  k - a blessed ring of sustain ability (on left hand)
  R - an uncursed ring of teleport control
 Wands    ('/')
  E - a wand of cancellation (0:5)
  s - a wand of digging (0:6)
  M - a wand of light (0:11)
  Y - a wand of lightning (0:4)
  O - a wand of speed monster (0:6)
 Tools    ('(')
  i - a blessed bag of holding containing 88 items
  V - a blessed magic lamp (lit)
  m - a magic marker named NEEDS CHARGE (0:0)
  u - a +0 unicorn horn
 Gems/Stones  ('*')
  n - a blessed luckstone

Contents of the bag of holding:
  797 gold pieces
  the +0 Sting
  the +0 Orcrist
  an uncursed very rusty +0 helm of caution
  an uncursed +0 helm of opposite alignment
  a blessed +0 shield of reflection
  an uncursed +0 alchemy smock with text "I am an alchemist; if you see me running, try to catch up..."
  an uncursed +0 cloak of protection
  an uncursed +0 oilskin cloak
  an uncursed rotted -1 Hawaiian shirt with a sea turtle motif
  an uncursed slime mold
  an uncursed eucalyptus leaf
  8 uncursed food rations
  2 uncursed lembas wafers
  an uncursed orange
  an uncursed tripe ration
  an uncursed tin of dwarf meat
  2 uncursed tins of spinach
  an uncursed partly eaten lichen corpse
  2 uncursed lizard corpses
  an uncursed lizard corpse
  2 uncursed scrolls of amnesia
  an uncursed scroll of blank paper
  an uncursed scroll of charging
  a blessed scroll of confuse monster
  an uncursed scroll of confuse monster
  a blessed scroll of create monster
  a cursed scroll of create monster
  2 uncursed scrolls of destroy armor
  2 uncursed scrolls of earth
  an uncursed scroll of enchant armor
  an uncursed scroll of food detection
  2 uncursed scrolls of genocide
  an uncursed scroll of identify
  a cursed scroll of identify
  a blessed scroll of magic mapping
  an uncursed scroll of punishment
  2 blessed scrolls of remove curse
  an uncursed scroll of remove curse
  an uncursed scroll of stinking cloud
  an uncursed scroll of taming
  a cursed scroll of teleportation
  an uncursed spellbook of extra healing
  an uncursed spellbook of knock
  an uncursed potion of blindness
  2 uncursed potions of booze
  3 uncursed potions of fruit juice
  a cursed potion of fruit juice
  2 uncursed potions of healing
  an uncursed potion of invisibility
  an uncursed potion of levitation
  an uncursed potion of monster detection
  7 uncursed potions of object detection
  a cursed potion of object detection
  3 uncursed potions of restore ability
  a blessed potion of speed
  2 potions of holy water
  a wand of create monster (0:15)
  a wand of digging (0:8)
  a wand of digging (0:6)
  a wand of digging (0:3)
  a wand of digging (0:3)
  a wand of light (0:14)
  a wand of light (0:12)
  a wand of magic missile (0:7)
  a wand of magic missile (0:5)
  a wand of magic missile (0:3)
  a wand of polymorph (0:4)
  a wand of sleep (0:2)
  a wand of striking (0:7)
  a wand of striking (0:5)
  a wand of striking (0:4)
  an empty uncursed sack
  a blessed can of grease (0:20)
  a cursed magic lamp
  an uncursed magic whistle
  a +0 pick-axe
  a blessed saddle
  2 uncursed amethyst stones
  an uncursed aquamarine stone
  an uncursed diamond
  5 uncursed emeralds
  2 uncursed fluorite stones
  an uncursed jade stone
  an uncursed obsidian stone
  3 uncursed rubies
  2 uncursed worthless pieces of red glass
  2 uncursed worthless pieces of violet glass

Brudee the Rogue's attributes:

Background:
 You were a Robber, a level 16 female human Rogue.
 You were chaotic, on a mission for Kos
 who was opposed by Issek (lawful) and Mog (neutral).
 You were right-handed.
 You were in the Quest, on level 6.
 You entered the dungeon 18581 turns ago.
 There was a new moon in effect when your adventure ended.
 You had 334818 experience points, 305182 more were needed to attain level 17.
 Your score was 128433 before end-of-game adjustments.

Basics:
 You had 0 out of 129 hit points.
 You had all 72 energy points (spell power).
 Your armor class was 5.
 Your wallet was empty, but
 you had 797 zorkmids stashed away in your pack.
 Autopickup was off.

Final Characteristics:
 Your strength was 18/05 (limit:18/100).
 Your dexterity was 16 (peak:18, limit:18).
 Your constitution was 18 (limit:18).
 Your intelligence was 15 (limit:18).
 Your wisdom was 16 (limit:18).
 Your charisma was 9 (limit:18).

Final Status:
 You were held by a guardian naga (east).
 You were satiated.
 You were burdened; movement was slightly slowed.
 You were wielding a long sword.
 You were skilled in long sword.

Final Attributes:
 You were piously aligned.
 You were fire resistant.
 Your items were protected from fire.
 You were cold resistant.
 You were sleep resistant.
 You were shock resistant.
 You were poison resistant.
 You were telepathic.
 You had automatic searching.
 You were stealthy.
 You had a small defense bonus (+4).
 You were warded.
 You had polymorph control.
 You were fast.
 You had fixed abilities.
 You were extremely lucky.
 You had extra luck.
 Good luck did not time out for you.
 You are dead.

Miscellaneous:
 You encountered 2 bones levels.
 Total elapsed playing time was 5 hours, 32 minutes and 4 seconds.

Major events:
 Turn
    1: Brudee the chaotic female human Rogue entered the dungeon
  929: entered the Gnomish Mines
 1214: attained the rank of Cutpurse (level 3)
 1661: was bestowed with Fire Brand by Kos
 3050: attained the rank of Rogue (level 6)
 3117: reached Mine Town
 4055: made her first wish - "blessed greased fixed +2 orange dragon scale mail", got "a greased orange dragon scale mail"
 4555: chose a runed broadsword to be named "Orcrist"
 5603: chose an elven dagger to be named "Sting"
 6340: acquired the Mines' End luckstone
 7392: killed Izchak, the lighting store proprietor
 7520: killed Djombang, the delicatessen proprietrix
 9340: attained the rank of Pilferer (level 10)
 9948: entered the Bigroom
10924: entered Sokoban
11329: completed 1st Sokoban level
11772: completed 2nd Sokoban level
12160: completed 3rd Sokoban level
13395: completed 4th Sokoban level
13532: acquired the Sokoban bag of holding
14585: attained the rank of Robber (level 14)
15729: entered Home 1, the Quest
16515: the Master of Thieves has granted access to proceed deeper into the quest
16536: entered Home 2, the Quest
16782: entered Home 3, the Quest
17188: entered Home 4, the Quest
17642: entered Home 5, the Quest
18103: entered Home 6, the Quest
18575: found the Master Key of Thievery on the floor
18581: killed by the Master Assassin, while paralyzed by a guardian naga

Spells:
 Name                 Level Category     Fail Retention
 knock                  1   matter        27%   21%-30%
 levitation             4   escape       100%   51%-75%
 detect unseen          3   divination    27%   71%-80%
 create monster         2   clerical      31%  76%-100%
 protection             1   clerical      27%  76%-100%
 detect food            2   divination    27%   81%-90%
 extra healing          3   healing       92%  76%-100%

Skills:
 Fighting Skills
   bare handed combat [Unskilled]
   two weapon combat  [Expert]
   riding             [Basic]
 Weapon Skills
   dagger             [Basic]
   knife              [Unskilled]
   short sword        [Basic]
   broadsword         [Unskilled]
   long sword         [Skilled]
   two-handed sword   [Unskilled]
   saber              [Unskilled]
   club               [Unskilled]
   mace               [Unskilled]
   morning star       [Unskilled]
   flail              [Unskilled]
   hammer             [Unskilled]
   polearms           [Unskilled]
   spear              [Unskilled]
   crossbow           [Unskilled]
   dart               [Unskilled]
   shuriken           [Unskilled]
 Spellcasting Skills
   divination spells  [Basic]
   escape spells      [Unskilled]
   matter spells      [Basic]

Voluntary challenges:
 Character rerolling was not enabled.
 You never genocided any monsters.
 You used 1 wish.
 You did not wish for any artifacts.
 You violated the special Sokoban rules once.
Achievements:
 You entered a shop.
 You entered the Gnomish Mines.
 You attained the rank of Cutpurse.
 You attained the rank of Rogue.
 You entered Minetown.
 You entered a temple.
 You completed the Gnomish Mines.
 You attained the rank of Pilferer.
 You entered the Big Room.
 You entered Sokoban.
 You completed Sokoban.
 You attained the rank of Robber.

 The Dungeons of Doom: levels 1 to 16
    Level 1:
       A fountain.
    Level 2:
       A general store.
       Stairs down to The Gnomish Mines.
    Level 3:
       An armor shop.
    Level 4:
    Level 5:
       A wand shop, some altars, a fountain, a grave.
       Final resting place for
          pots164-Kni-Hum-Mal-Law, slipped while mounting a saddled pony.
    Level 6:
    Level 7:
       Many fountains.
    Level 8:
       Some fountains, some sinks.
       Stairs up to Sokoban, level 7.
    Level 9:
       Some fountains.
    Level 10:
       A very big room.
    Level 11:
       An altar to Kos.
    Level 12:
       A grave.
    Level 13:
    Level 14:
       Summoned by the Master of Thieves.
       Portal to The Quest.
    Level 15:
       A temple and an altar.
    Level 16:
       A primitive area.
 The Gnomish Mines: levels 3 to 11
    Level 3:
    Level 4:
    Level 5:
       Many shops, a temple and an altar, some fountains, a grave.
       Final resting place for
          nnnet-Wiz-Gno-Fem-Neu, killed by a paper golem, while unconscious from rotten food.
    Level 6:
    Level 7:
    Level 8:
    Level 9:
    Level 10:
    Level 11:
 The Quest: levels 1 to 6
    Level 1:
       Given quest by the Master of Thieves.
    Level 2:
    Level 3:
    Level 4:
    Level 5:
    Level 6: <- You were here.
       Final resting place for
          you, killed by the Master Assassin, while paralyzed by a guardian naga.
 Sokoban: levels 7 up to 4
    Level 4:
       Solved.
    Level 5:
       Solved.
    Level 6:
       Solved.
    Level 7:
       Solved.


Vanquished creatures:
  a glass golem
  a red dragon
  a minotaur
  a baluchitherium
 16 guardian nagas
  2 vampire leaders
  2 shopkeepers
  a clay golem
  a lurker above
  a golden naga
  a watch captain
  3 ghosts
  2 giant mimics
  3 zruties
  a flesh golem
  2 large mimics
  a couatl
  2 stalkers
 an earth elemental
  a hill giant
  a giant mummy
  a xorn
  a giant zombie
  2 elf-nobles
 14 wargs
  2 winter wolves
  9 small mimics
  a glass piercer
  4 warhorses
  2 xans
 an ettin mummy
  3 quantum mechanics
  a troll
  a wood golem
  3 gelatinous cubes
  3 pyrolisks
  2 large dogs
  3 flaming spheres
  a shocking sphere
  2 tigers
  2 gargoyles
  a dwarf ruler
  4 tengu
  3 ochre jellies
  2 leocrottas
 an energy vortex
 an elf mummy
  4 human mummies
  3 red nagas
  a green slime
  a python
  2 pit vipers
  7 wraiths
  a carnivorous ape
 an ettin zombie
  a leather golem
  a Grey-elf
  a soldier
  4 watchmen
  2 amorous demons
 21 chameleons
  2 crocodiles
  a giant beetle
  a quivering blob
  3 cockatrices
  4 wolves
  3 winter wolf cubs
  2 lynxes
  a panther
 48 leprechauns
  3 iron piercers
  4 giant spiders
  a scorpion
  a horse
 an ice vortex
  2 black lights
  a vampire bat
  3 gnome rulers
  4 orc mummies
  a dwarf mummy
 an ogre
  4 brown puddings
  2 rust monsters
  3 owlbears
  2 yetis
  a gold golem
  a werewolf
  a Green-elf
 10 lizards
  a dingo
  a dog
  a housecat
  3 jaguars
  2 dwarf leaders
  3 white unicorns
  a gray unicorn
  2 dust vortices
  2 plains centaurs
  a gnome mummy
  3 apes
  2 Woodland-elves
  7 soldier ants
  a fire ant
  2 bugbears
  2 quasits
  3 wood nymphs
 14 water nymphs
  4 mountain nymphs
 19 Mordor orcs
 an Uruk-hai
 an orc shaman
  5 rock piercers
  4 rock moles
  4 ponies
  5 fog clouds
  8 yellow lights
  a shrieker
  7 violet fungi
 22 gnome leaders
  5 gnomish wizards
  4 kobold mummies
  5 gray oozes
 an elf zombie
  a ghoul
  4 straw golems
  2 paper golems
  6 giant ants
  2 little dogs
  3 floating eyes
  5 kittens
 23 dwarves
  2 homunculi
  4 kobold leaders
  a kobold shaman
 31 hill orcs
 15 rothes
  a rabid rat
  7 giant bats
  4 monkeys
  2 orc zombies
  2 dwarf zombies
  2 wererats
  3 werejackals
  5 iguanas
  8 killer bees
  2 coyotes
  a gas spore
  7 hobbits
  8 manes
  2 large kobolds
  a hobgoblin
  5 giant rats
  5 cave spiders
  2 brown molds
  4 yellow molds
  2 red molds
 62 gnomes
  8 garter snakes
  a gnome zombie
  9 geckos
 23 jackals
  2 foxes
  5 kobolds
  2 sewer rats
  6 grid bugs
  a bat
  5 lichens
  2 kobold zombies
  6 newts
727 creatures vanquished.

No species were genocided or became extinct.

Game over:
                       ----------
                      /          \
                     /    REST    \
                    /      IN      \
                   /     PEACE      \
                  /                  \
                  |      Brudee      |
                  |      797 Au      |
                  |  killed by the   |
                  | Master Assassin  |
                  |                  |
                  |                  |
                  |       2026       |
                 *|     *  *  *      | *
        _________)/\\_//(\/(/\)/\//\/|_)_______

Goodbye Brudee the Rogue...

You died in The Quest on dungeon level 6 with 128354 points,
and 797 pieces of gold, after 18581 moves.
You were level 16 with a maximum of 129 hit points when you died.

